 Dungeon Crawl Stone Soup version 0.26-a0-597-gb535b0901c (webtiles) character file.

Game seed: 4430110685543105140

131 Ashen the Sneak (level 5, -8/45 HPs)
             Began as a Naga Hedge Wizard on Sept 11, 2020.
             Mangled by an orc warrior
             ... wielding a +0 short sword
              (19 damage)
             ... on level 3 of the Dungeon.
             The game lasted 00:08:03 (3823 turns).

Ashen the Sneak (Naga Hedge Wizard)                 Turns: 3823, Time: 00:08:03

Health: -8/45      AC:  7    Str: 12    XL:     5   Next: 14%
Magic:  10/10      EV:  9    Int: 16    God:
Gold:   111        SH:  0    Dex: 10    Spells: 3/11 levels left

rFire    + . .     SeeInvis +   b - +0 rapier (venom)
rCold    . . .     Faith    .   (no shield)
rNeg     . . .     Spirit   .   u - +0 leather armour {rF+}
rPois    +         Reflect  .   r - +1 helmet
rElec    .         Harm     .   v - +1 cloak
rCorr    .                      (no gloves)
MR       .....                  (no barding)
Stlth    ++........             s - amulet of magic regeneration
HPRegen  0.15/turn              (no ring)
MPRegen  0.37/turn              (no ring)

@: very slow
A: large, see invisible, deformed body, poison resistance, slowness 2, spit
poison 1, AC +1
a: Spit Poison


You were on level 3 of the Dungeon.
You visited 1 branch of the dungeon, and saw 4 of its levels.

You collected 111 gold pieces.

Inventory:

Hand Weapons
 a - a +0 dagger
 b - a +0 rapier of venom (weapon)
 d - a +1 short sword of protection
Armour
 r - a +1 helmet (worn)
 u - a +0 leather armour of fire resistance (worn)
 v - a +1 cloak (worn)
Jewellery
 s - an amulet of magic regeneration (around neck)
Scrolls
 e - a scroll of remove curse
 f - 3 scrolls of identify
 g - a scroll of blinking
 i - 2 scrolls of fear {unknown}
 j - a scroll of amnesia {unknown}
 k - a scroll of enchant armour
 o - a scroll of noise {unknown}
 q - a scroll of fog {unknown}
 t - a scroll of teleportation {unknown}
Potions
 c - a potion of haste {unknown}
 h - 5 potions of curing {unknown}
 l - a potion of degeneration {unknown}
 m - 2 potions of invisibility {unknown}
 n - 2 potions of heal wounds {unknown}
 p - 5 potions of flight


   Skills:
 + Level 1.8 Fighting
 + Level 2.3 Dodging
 + Level 4.3 Stealth
 + Level 3.5 Spellcasting
 + Level 2.3 Conjurations
 - Level 1.0 Summonings
 - Level 1.0 Translocations


You had 3 spell levels left.
You knew the following spells:

 Your Spells              Type           Power        Failure   Level
a - Magic Dart            Conj           ##..         9%          1
b - Blink                 Tloc           N/A          22%         2
c - Call Imp              Summ           #.......     22%         2
d - Mephitic Cloud        Conj/Pois/Air  #.......     45%         3

Your spell library contained the following spells:

 Spells                   Type           Power        Failure   Level
 Slow                     Hex            #.......     34%         2
 Conjure Flame            Conj/Fire      #.......     38%         3


Dungeon Overview and Level Annotations

Branches:
Dungeon (4/15)
 Temple: D:4-7

Altars:
Sif Muna
Wu Jian
Yredelemnul


Innate Abilities, Weirdness & Mutations

You cannot wear boots.
Your serpentine skin is tough. (AC +1)
You have supernaturally acute eyesight. (SInv)
Armour fits poorly on your strangely shaped body.
Your system is resistant to poisons. (rPois)
You cover ground very slowly.
You can spit poison.


Message History

The orc warrior closely misses you.
You closely miss the orc warrior.
The orc warrior is lightly wounded.
The orc warrior closely misses you.
You closely miss the orc warrior.
The orc warrior is lightly wounded.
The orc warrior barely misses you.
You hit the orc warrior.
The orc warrior looks even sicker.
The orc warrior is lightly wounded.
The orc warrior hits you with a +0 short sword!
You hit the orc warrior.
The orc warrior looks as sick as possible!
The orc warrior is lightly wounded.
The orc warrior hits you with a +0 short sword! x2
* * * LOW HITPOINT WARNING * * *
You hit the orc warrior but do no damage.
The orc warrior looks as sick as possible!
The orc warrior is moderately wounded.
The orc warrior hits you with a +0 short sword!!
You die...

#.........##.###
#.........##.###
########..........#.#..
#..........######......
#..........##.......#..
#..........#........#..
#...................#([
#......o...............
#.....@.......)........
###########............
#............
#............
#............
#............
#...(........
#............
###......(..(.


You could see an orc warrior (extremely poisoned).

Vanquished Creatures
  4 adders
  3 worms
  4 dart slugs
  5 orcs
  A ball python (D:1)
  6 bats
  5 giant cockroaches
  7 goblins
  9 hobgoblins
  5 jackals
  4 frilled lizards
  9 kobolds
  7 rats
69 creatures vanquished.

Notes
Turn   | Place    | Note
-------+----------+-------------------------------------------
     0 | D:1      | Ashen the Naga Hedge Wizard began the quest for the Orb.
     0 | D:1      | Reached XP level 1. HP: 15/15 MP: 4/4
   514 | D:1      | Reached XP level 2. HP: 24/24 MP: 6/6
  1058 | D:1      | Reached XP level 3. HP: 24/30 MP: 7/7
  1228 | D:1      | Reached skill level 1 in Fighting
  1838 | D:2      | Found an ornate altar of the Wu Jian Council.
  1840 | D:2      | Found a shimmering blue altar of Sif Muna.
  1848 | D:2      | Found a basalt altar of Yredelemnul.
  1956 | D:2      | Reached XP level 4. HP: 22/38 MP: 2/9
  2390 | D:2      | Reached skill level 4 in Stealth
  3142 | D:3      | Learned a level 2 spell: Blink
  3145 | D:3      | Learned a level 2 spell: Call Imp
  3149 | D:3      | Learned a level 3 spell: Mephitic Cloud
  3385 | D:3      | Reached XP level 5. HP: 45/45 MP: 7/10
  3814 | D:4      | Noticed an orc warrior
  3823 | D:3      | Mangled by an orc warrior

Illustrated notes

Levels and vault maps discovered:
D:1:      matt_arrival_spirals, layout_rooms, hex_medium, minmay_bisected
D:2:      layout_basic, grunt_temple_overflow_open, mrwooster_statue_mirror,
          hangedman_decor_opposing
D:3:      layout_rooms
D:4:      wander_river, layout_basic, kennysheep_mini_moat

Skill      XL: |  1  2  3  4 |
---------------+-------------+-----
Fighting       | 1 |  1.8
Dodging        | 2 |  2.3
Stealth        | 4 |  4.3
Conjurations   | 2 |  2.3
Spellcasting   | |  3.5
Summonings     | |  1.0
Translocations | |  1.0

Action                   |  1- 3 |  4- 6 || total
-------------------------+-------+-------++-------
Melee: Dagger            |    59 |    44 ||   103
       Rapier            |       |     8 ||     8
 Cast: Magic Dart        |    70 |   102 ||   172
 Abil: Spit Poison       |     3 |     6 ||     9
  Use: Scroll            |       |     5 ||     5
 Stab: Sleeping          |     2 |     2 ||     4
Armor: Robe              |     9 |    29 ||    38
       Leather armour    |       |     5 ||     5
Dodge: Dodged            |    38 |    63 ||   101

Table legend: (Time is in decaauts)
 A = Elapsed time spent in this place.
 B = Non-inter-level travel time spent in this place.
 C = Inter-level travel time spent in this place.
 D = Time resting spent in this place.
 E = Time spent auto-exploring this place.
 F = Levels seen in this place.
 G = Mean time per level.
                   A        B        C        D        E       F      G
               +--------+--------+--------+--------+--------+-----+--------+
         Total |   4537 |   4329 |    208 |   1115 |   2572 |   4 | 1134.2 |
       Dungeon |   4537 |   4329 |    208 |   1115 |   2572 |   4 | 1134.2 |
               +--------+--------+--------+--------+--------+-----+--------+

Top non-repeatable levels by time:
     D:1: 1846 daAuts
     D:2: 1661 daAuts
     D:3: 1026 daAuts
     D:4: 2 daAuts
